 Dungeon Crawl Stone Soup version 0.31-a0-240-gb923e448b6 (webtiles) character file.

Game seed: 12192487938547428402

0 qw the Vexing (level 1, -2/12 HPs)
             Began as a Gargoyle Hexslinger on July 11, 2023.
             Slain by a gnoll
             ... wielding a +0 club
              (4 damage)
             ... on level 1 of the Dungeon.
             The game lasted 00:00:01 (114 turns).

qw the Vexing (Gargoyle Hexslinger)                  Turns: 114, Time: 00:00:01

Health: -2/12      AC:  4    Str: 11    XL:     1   Next: 10%
Magic:  2/2        EV:  9    Int: 13    God:
Gold:   0          SH:  0    Dex: 12    Spells: 1/2 levels left

rFire   . . .        a - +1 sling
rCold   . . .        (no shield)
rNeg    + . .        c - +0 robe
rPois   inf          (no helmet)
rElec   +            (no cloak)
rCorr   .            (no gloves)
SInv    .            (no boots)
Will    .....        (no amulet)
Stlth   +            (no ring)
HPRegen 0.22/turn    (no ring)
MPRegen 0.08/turn

%: no passive effects
@: constricted
A: sickness immunity, AC +2, negative energy resistance 1, electricity
resistance, torment resistance 1, petrification resistance
a: no special abilities


You were on level 1 of the Dungeon.
You visited 1 branch of the dungeon, and saw 1 of its levels.


Innate Abilities, Weirdness & Mutations

You are immune to sickness and miasma.
Your stone body is resilient. (AC +2)
You are immune to poison.
You resist negative energy. (rN+)
You are resistant to electric shocks. (rElec)
You are resistant to unholy torment.
You are immune to petrification.


   Skills:
 - Level 1.1 Fighting
 + Level 2.0 Ranged Weapons
 - Level 1.5 Dodging
 - Level 1.0 Spellcasting
 - Level 2.6 Hexes


You had one spell level left.
You knew the following spells:

 Your Spells              Type           Power      Damage    Failure   Level
a - Slow                  Hex            28%        N/A       10%         1

Your spell library contained the following spells:

 Spells                   Type           Power      Damage    Failure   Level
 Inner Flame              Hex/Fire       4%         N/A       43%         3
 Portal Projectile        Hex/Tloc       8%         N/A       43%         3
 Cause Fear               Hex            3%         N/A       67%         4

Inventory:

Hand Weapons
 a - a +1 sling (weapon)
Armour
 c - a +0 robe (worn)
 f - a +0 leather armour
Jewellery
 h - a ring of willpower
Scrolls
 b - a scroll of poison
 d - a scroll of identify {unknown}
 e - a scroll of fog {unknown}
Potions
 g - a potion of lignification {unknown}

Dungeon Overview and Level Annotations

Branches:
Dungeon (1/15)

Altars:


Message History

Welcome, qw the Gargoyle Hexslinger.
It is said that the Orb of Zot exists deep within this dungeon.
Press ? for a list of commands and other information.
Found a hand axe and a scroll labelled QOQEECRIOF.
Found a staircase leading out of the dungeon.
Waypoint 0 assigned to D:1.
0 ||| PLANNING D:1-11 You see here a +0 hand axe.
d - a scroll labelled QOQEECRIOF A bat comes into view.
You shoot a sling bullet. The sling bullet hits the bat.
The bat is moderately wounded.
You shoot a sling bullet. The sling bullet hits the bat.
You kill the bat!
Found a dagger.
e - a scroll labelled ITRYAS WENIGOCH
f - a +0 leather armour
Found a stone staircase leading down.
You see here a +0 dagger.
g - a cyan potion
h - a ring of willpower A ball python and a gnoll come into view.
The gnoll shouts!
The ball python hisses angrily.
You shoot a sling bullet.
The sling bullet completely misses the gnoll.
The sling bullet closely misses the ball python.
You shoot a sling bullet. The sling bullet hits the gnoll.
The gnoll is lightly wounded.
The gnoll hits you with a +0 club.
Ouch! That really hurt!
The ball python bites you. The ball python grabs you.
The ball python constricts you. The gnoll barely misses you.
You shoot a sling bullet.
The sling bullet closely misses the ball python.
The ball python bites you but does no damage.
The ball python constricts you. The gnoll hits you with a +0 club.
You die...

##...## ##.....## #
#.......#.#
########
#..........
#......#
###.........
#.####.###.##.....#
#.##......#.##gS.#
#.##.#.###....@.#
#........########
#......#.#
#.##.#.#.#
#.##...#.#
#>##.#.#.#
#........#
#........#
##.###.)##


You could see a gnoll and a ball python.

Vanquished Creatures
  A bat (D:1)
1 creature vanquished.

Notes
Turn   | Place    | Note
-------+----------+-------------------------------------------
     0 | D:1      | qw the Gargoyle Hexslinger began the quest for the Orb.
     0 | D:1      | Reached XP level 1. HP: 12/12 MP: 2/2
     0 | D:1      | 0 ||| qw: Version: 0.3-a-52-g30416fa
     0 | D:1      | 0 ||| qw: Game counter: 6080
     0 | D:1      | 0 ||| qw: Melee chars always use a shield: true
     0 | D:1      | 0 ||| qw: God list: Okawaru
     0 | D:1      | 0 ||| qw: Allow faded altars: false
     0 | D:1      | 0 ||| qw: Do Orc after clearing Dungeon:15 true
     0 | D:1      | 0 ||| qw: Do second Lair branch before Depths: true
     0 | D:1      | 0 ||| qw: Lair rune preference: random
     0 | D:1      | 0 ||| qw: Goals: Normal
     0 | D:1      | 0 ||| PLANNING D:1-11
   113 | D:1      | HP: 3/12 [constriction (1)]
   114 | D:1      | Slain by a gnoll

Levels and vault maps discovered:
D:1:      lemuel_arrival_tunnels, layout_loops_cross, minivault_11

Action                     || total
---------------------------++-------
   Fire: Sling             ||     5
 Armour: Robe              ||     1
  Dodge: Dodged            ||     1

Table legend:
 A = Non-vault XP
 B = Vault XP
 C = Vault XP percentage of total XP
 D = Non-vault monster count
 E = Vault monster count
 F = Vault count percentage of total count
                 A         B        C        D         E       F
            +---------+---------+-------+---------+---------+-------
      Total |       1 |       0 |   0.0 |       1 |       0 |   0.0
            +---------+---------+-------+---------+---------+-------
        D:1 |       1 |       0 |   0.0 |       1 |       0 |   0.0
            +---------+---------+-------+---------+---------+-------
